 Dungeon Crawl Stone Soup version 0.27-a0-1502-g47ed6a6988 (webtiles) character file.

Game seed: 6246480275563849780

90 lunkers the Skirmisher (level 4, -1/48 HPs)
             Began as an Ogre Warper on July 9, 2021.
             Slain by a quokka (2 damage)
             ... on level 3 of the Dungeon.
             The game lasted 00:03:10 (2816 turns).

lunkers the Skirmisher (Ogre Warper)                Turns: 2816, Time: 00:03:10

Health: -1/48      AC:  3    Str: 15    XL:     4   Next: 56%
Magic:  7/7        EV:  9    Int: 15    God:
Gold:   116        SH:  0    Dex:  8    Spells: 7/7 levels left

rFire    . . .     SeeInvis .   n - +0 flail
rCold    . . .     Faith    .   (no shield)
rNeg     . . .     Spirit   .   b - +0 robe
rPois    .         Reflect  .   (helmet restricted)
rElec    .         Harm     .   (no cloak)
rCorr    .         Rampage  .   (gloves unavailable)
Will     .....                  (boots unavailable)
Stlth    +.........             (no amulet)
HPRegen  0.16/turn              (no ring)
MPRegen  0.10/turn              (no ring)

@: no status effects
A: large, unfitting armour, tough skin 1
a: no special abilities


You were on level 3 of the Dungeon.
You visited 1 branch of the dungeon, and saw 3 of its levels.

You collected 116 gold pieces.

Inventory:

Hand Weapons
 a - a +0 mace
 n - a +0 flail (weapon)
Missiles
 d - 2 boomerangs of dispersal {=f}
 m - a stone
Armour
 b - a +0 robe (worn)
Jewellery
 h - a ring of fire
Wands
 i - a wand of paralysis (1)
Scrolls
 c - a scroll of blinking
 e - 2 scrolls of identify {unknown}
 g - a scroll of acquirement {unknown}
 l - a scroll of immolation {unknown}
Potions
 f - 5 potions of haste {unknown}
 j - 3 potions of flight {unknown}
 k - a potion of ambrosia {unknown}


   Skills:
 + Level 4.1 Fighting
 * Level 3.6 Maces & Flails
 - Level 1.0 Throwing
 - Level 2.1 Dodging
 - Level 2.4 Spellcasting
 - Level 2.6 Translocations


You had 7 spell levels left.
You didn't know any spells.
Your spell library contained the following spells:

 Spells                   Type           Power      Damage    Failure   Level
 Blink                    Tloc           N/A        N/A       11%         2
 Gell's Gravitas          Tloc           4%         N/A       22%         3
 Lesser Beckoning         Tloc           4%         N/A       22%         3
 Teleport Other           Tloc           9%         N/A       22%         3
 Frozen Ramparts          Ice            2%         1d2       54%         3
 Manifold Assault         Tloc           9%         N/A       89%         5
 Ice Form                 Ice/Tmut       1%         N/A       91%         4
 Summon Ice Beast         Ice/Summ       1%         N/A       91%         4


Dungeon Overview and Level Annotations

Branches:
Dungeon (3/15)

Altars:

Annotations:
D:3 Natasha, Sigmund


Innate Abilities, Weirdness & Mutations

You are too large for most types of armour.
You have tough skin. (AC +1)


Message History

You are no longer poisoned.
Sigmund is nearby!
Sigmund is nearby!
Sigmund is nearby!
Things that are here:
a +0 club; a +0 leather armour; a jackal corpse You start resting.
HP restored.
Things that are here:
a jackal skeleton; a jackal skeleton
f - 5 cyan potions (gained 3)
Found a stone staircase leading down.
Found a stone staircase leading up.
Natasha, Servant of Life and Death comes into view.
She is carrying a wand of flame (14).
Natasha hisses angrily.
Natasha zaps a wand.
The puff of flame hits you.
Natasha is nearby!
Natasha is nearby!
Natasha stares at you and mumbles some strange words.
The magic dart hits you!
Found a scroll labelled CUNWUG OLIXKIQ.
Natasha zaps a wand.
The puff of flame hits you.
A quokka comes into view.
Natasha claws you but does no damage.
You barely miss Natasha.
Natasha zaps a wand.
The puff of flame hits you!
* * * LOW HITPOINT WARNING * * *
You closely miss Natasha.
Natasha zaps a wand.
The puff of flame misses you.
Natasha zaps a wand.
The puff of flame hits you!
* * * LOW HITPOINT WARNING * * *
You hit Natasha.
Natasha is lightly wounded.
The quokka completely misses you. Natasha claws you!
* * * LOW HITPOINT WARNING * * *
Aiming: Paralyse
Press: ? - help, Shift-Dir - straight line, f - Natasha
Aim: Natasha, carrying a wand of flame (9) (lightly wounded, chance to affect: 46%) Natasha suddenly stops moving!
The quokka bites you.
* * * LOW HITPOINT WARNING * * *
The quokka bites you.
You die...

###.###.##..###.#.
..................#
###.####.#..###.#.#
###.####....# #.#.#
............# #.#.#
###.#####..####.#.#
#.#.....>.......######
#.######.####.#.......
#.......<..#.r@h####
###########....#
.....#?# .........#
#####..### #..# #..#
#..


You could see Natasha (paralysed) and a quokka.

Vanquished Creatures
  Terence (D:3)
  3 adders
  A dart slug (D:2)
  2 orcs
  2 ball pythons
  4 bats
  An endoplasm (D:2)
  A giant cockroach (D:2)
  2 goblins
  3 hobgoblins
  6 jackals
  A quokka (D:3)
  2 kobolds
  3 rats
32 creatures vanquished.

Notes
Turn   | Place    | Note
-------+----------+-------------------------------------------
     0 | D:1      | lunkers the Ogre Warper began the quest for the Orb.
     0 | D:1      | Reached XP level 1. HP: 22/22 MP: 3/3
   183 | D:1      | Found a faded altar of an unknown god.
   270 | D:1      | Reached skill level 3 in Fighting
   630 | D:1      | Reached XP level 2. HP: 7/31 MP: 5/5
  1894 | D:2      | Reached XP level 3. HP: 30/37 MP: 6/6
  2028 | D:3      | Noticed Terence
  2285 | D:3      | Killed Terence
  2286 | D:3      | Reached XP level 4. HP: 30/48 MP: 7/7
  2458 | D:3      | Noticed Sigmund
  2619 | D:3      | Reached skill level 4 in Fighting
  2809 | D:3      | Noticed Natasha
  2816 | D:3      | HP: 1/48 [quokka (4)]
  2816 | D:3      | Slain by a quokka

Illustrated notes

Levels and vault maps discovered:
D:1:      dpeg_arrival_shelter, layout_basic,
          shapermc_ecumenical_altar_totnotflames, chequers_serial_rivers_small_a
D:2:      layout_loops_ring
D:3:      layout_basic, uniq_robin, uniq_sigmund, uniq_terence, uniq_natasha

Skill      XL: |  1  2  3  4 |
---------------+-------------+-----
Maces & Flails | 2 3 |  3.6
Fighting       | 3 4 |  4.1
Throwing       | |  1.0
Dodging        | |  2.1
Spellcasting   | |  2.4
Translocations | |  2.6

Action                   |  1- 3 |  4- 6 || total
-------------------------+-------+-------++-------
Melee: Mace              |    97 |       ||    97
       Flail             |       |    37 ||    37
Throw: Stone             |    11 |       ||    11
       Boomerang         |     3 |       ||     3
Evoke: Wand              |     2 |     1 ||     3
 Stab: Paralysed         |     7 |       ||     7
Armor: Robe              |    36 |    22 ||    58
Dodge: Dodged            |    46 |    21 ||    67

Table legend: (Time is in decaauts)
 A = Elapsed time spent in this place.
 B = Non-inter-level travel time spent in this place.
 C = Inter-level travel time spent in this place.
 D = Time resting spent in this place.
 E = Time spent auto-exploring this place.
 F = Levels seen in this place.
 G = Mean time per level.
                   A        B        C        D        E       F      G
               +--------+--------+--------+--------+--------+-----+--------+
         Total |   2856 |   2774 |     82 |    551 |   1884 |   3 |  952.0 |
       Dungeon |   2856 |   2774 |     82 |    551 |   1884 |   3 |  952.0 |
               +--------+--------+--------+--------+--------+-----+--------+

Top non-repeatable levels by time:
     D:1: 1245 daAuts
     D:2: 1145 daAuts
     D:3: 465 daAuts
